 Dungeon Crawl Stone Soup version 0.24.0-13-gcf9b319 (webtiles) character file.

Game seed: 7952233291407005184, levelgen mode: deterministic

2069 Fang the Skirmisher (level 9, -1/85 HPs)
             Began as a Gargoyle Berserker on Nov 14, 2019.
             Was a Believer of Trog.
             Killed from afar by an orc wizard (8 damage)
             ... with a magic dart
             ... on level 7 of the Dungeon.
             The game lasted 00:07:40 (5676 turns).

Fang the Skirmisher (Gargoyle Berserker)            Turns: 5676, Time: 00:07:41

Health: -1/85      AC:  8    Str: 33    XL:     9   Next: 26%
Magic:  9/9        EV: 11    Int:  7    God:    Trog [**....]
Gold:   333        SH:  0    Dex:  9    Spells: 8/8 levels left

rFire    + . .     SeeInvis .   a - +0 hand axe
rCold    + . .     Gourm    .   (no shield)
rNeg     + . .     Faith    .   b - +0 chain mail
rPois    ∞         Spirit   .   (no helmet)
rElec    +         Reflect  .   h - scarf {rC+ rF+}
rCorr    .         Harm     .   (no gloves)
MR       +....                  (no boots)
Stlth    ..........             m - amulet of regeneration
HPRegen  0.64/turn              k - ring of protection from magic
MPRegen  0.11/turn              o - +3 ring of strength

@: berserking (expiring), corroded, very quick
A: negative energy resistance 1, electricity resistance, unbreathing,
petrification resistance, rot immunity, AC +6
a: Berserk, Trog's Hand, Renounce Religion


You were on level 7 of the Dungeon.
You worshipped Trog.
Trog was pleased with you.
You were hungry.

You visited 1 branch of the dungeon, and saw 7 of its levels.

You collected 333 gold pieces.

Inventory:

Hand Weapons
 a - a +0 hand axe (weapon)
Armour
 b - a +0 chain mail (worn)
 h - a scarf of resistance (worn)
Jewellery
 k - a ring of protection from magic (left hand)
 m - an amulet of regeneration (around neck)
 o - a +3 ring of strength (right hand)
 p - a +2 ring of intelligence
 s - an uncursed amulet of guardian spirit
Wands
 v - a wand of scattershot (4)
 A - a wand of paralysis (10)
Scrolls
 d - 9 scrolls of identify {unknown}
 e - 3 scrolls of teleportation {unknown}
 j - 3 scrolls of amnesia {unknown}
 l - 5 scrolls of remove curse {unknown}
 n - 2 scrolls of fear {unknown}
 q - 2 scrolls of noise {unknown}
 t - 2 scrolls of blinking {unknown}
 w - 4 scrolls of immolation {unknown}
 x - a scroll of enchant weapon {unknown}
 y - 3 scrolls of fog {unknown}
 z - a scroll of acquirement {unknown}
Potions
 f - 2 potions of resistance {unknown}
 g - a potion of lignification {unknown}
 i - 2 potions of mutation {unknown}
 r - 2 potions of ambrosia {unknown}
 u - a potion of heal wounds {unknown}
Comestibles
 c - 13 rations
 B - 4 chunks of flesh


   Skills:
 + Level 7.3 Fighting
 + Level 6.0 Axes
 + Level 6.8 Armour
 + Level 5.1 Dodging


You had 8 spell levels left.
You didn't know any spells.
Your spell library was empty.

Dungeon Overview and Level Annotations

Branches:
Dungeon (7/15)             Temple (0/1) D:6

Altars:
Ru
Wu Jian
Xom

Shops:
D:4 (


Innate Abilities, Weirdness & Mutations

You are resistant to torment.
Your stone body is resilient. (AC +6)
You are immune to poison.
You resist negative energy. (rN+)
You are resistant to electric shocks. (rElec)
You can survive without breathing.
You are immune to petrification.
You are immune to rotting.


Message History

You hit the orc wizard but do no damage.
The crocodile bites you but does no damage.
You closely miss the crocodile.
The crocodile is heavily wounded.
You slash the orc wizard!
The orc wizard hits you but does no damage.
The orc closely misses you. The crocodile barely misses you.
You slash the crocodile!
The crocodile is almost dead.
You completely miss the orc wizard. The orc wizard closely misses you.
You closely miss the crocodile.
The crocodile is almost dead.
You closely miss the orc wizard. The crocodile barely misses you.
The orc barely misses you.
You hit the crocodile but do no damage.
The crocodile is almost dead.
You closely miss the orc wizard.
The orc wizard points at you and mumbles some strange words.
The magic dart hits you!
You die...

.........#....#
#........##.#.#
#........##.#.# #
#...........#.#
#.#.#####.#####.#
#..........# ...
.#...#....## #.#
#.........# .#
#..##@#####
#...to.o..#
#............
#.....#...#..
.......#...#
.##.....#...#
....#.# ..#
##.###.# ..#


You could see a crocodile, an orc wizard and an orc.

Vanquished Creatures
  Prince Ribbit (D:5)
  Sigmund (D:3)
  Eustachio (D:6)
  Edmund (D:5)
  An ice beast (D:5)
  A sky beast (D:6)
  3 ogres (D:6)
  A centaur (D:5)
  3 bullfrogs (D:6)
  4 scorpions
  A crimson imp (D:6)
  2 jellies (D:7)
  A bullfrog skeleton (D:6)
  2 hounds
  An orc wizard (D:4)
  A worker ant (D:4)
  A hound skeleton (D:6)
  4 gnolls (D:6)
  2 howler monkey skeletons (D:4)
  10 adders
  4 shadow imps
  An adder zombie (D:6)
  2 worms
  3 adder skeletons
  A dart slug (D:2)
  5 leopard geckos
  11 orcs
  A giant cockroach (D:2)
  6 goblins
  4 hobgoblins
  17 jackals
  2 quokkas (D:2)
  2 ball pythons
  11 bats
  4 frilled lizards
  5 kobolds (D:2)
  5 rats
126 creatures vanquished.

Notes
Turn   | Place    | Note
-------+----------+-------------------------------------------
     0 | D:1      | Fang the Gargoyle Berserker began the quest for the Orb.
     0 | D:1      | Reached XP level 1. HP: 14/14 MP: 1/1
    10 | D:1      | You fall into a shaft and drop 1 floor!
    68 | D:2      | Reached XP level 2. HP: 7/19 MP: 2/2
   328 | D:2      | Reached XP level 3. HP: 17/23 MP: 3/3
   484 | D:2      | Reached ** piety under Trog
  1094 | D:1      | Reached XP level 4. HP: 23/29 MP: 4/4
  1611 | D:3      | Reached skill level 4 in Fighting
  1862 | D:3      | Noticed Sigmund
  1883 | D:3      | Killed Sigmund
  1883 | D:3      | Reached XP level 5. HP: 18/34 MP: 5/5
  1883 | D:3      | Reached XP level 6. HP: 20/39 MP: 6/6
  2225 | D:4      | Found Huikunadd's Antique Weapon Shop.
  2699 | D:4      | Reached skill level 5 in Fighting
  2699 | D:4      | Reached XP level 7. HP: 40/44 MP: 7/7
  2948 | D:5      | Entered Level 5 of the Dungeon
  3091 | D:5      | Noticed Prince Ribbit
  3274 | D:5      | Noticed Edmund
  3304 | D:5      | Killed Edmund
  3593 | D:5      | Reached skill level 5 in Armour
  4016 | D:6      | Noticed Eustachio
  4203 | D:5      | Killed Prince Ribbit
  4203 | D:5      | Reached skill level 6 in Fighting
  4203 | D:5      | Reached skill level 5 in Axes
  4203 | D:5      | Reached XP level 8. HP: 51/51 MP: 8/8
  4256 | D:6      | Found a sacrificial altar of Ru.
  4343 | D:6      | Killed Eustachio
  4558 | D:6      | Found an ornate altar of the Wu Jian Council.
  5105 | D:6      | Reached XP level 9. HP: 53/56 MP: 9/9
  5211 | D:6      | Found a staircase to the Ecumenical Temple.
  5265 | D:6      | Reached skill level 7 in Fighting
  5278 | D:6      | Reached skill level 5 in Dodging
  5280 | D:6      | Found a shimmering altar of Xom.
  5667 | D:7      | HP: 3/85 [crocodile (13)]
  5676 | D:7      | Killed from afar by an orc wizard

Levels and vault maps discovered:
D:1:      saegor_arrival_under_anarchy, layout_basic
D:2:      layout_loops_ring, chequers_serial_rivers_marsh,
          kennysheep_generic_room_15
D:3:      layout_loops_ring, first_ration, st_stairs_13, uniq_sigmund
D:4:      minmay_door_path, layout_rooms, serial_shops, kennysheep_mini_moat,
          chequers_serial_rivers_large_b, kennysheep_donut
D:5:      layout_loops_ring, uniq_edmund, uniq_prince_ribbit1
D:6:      layout_gridville, nicolae_ru_awakened_eye, temple_statues,
          hangedman_feature_mirror, uniq_eustachio
D:7:      minmay_blocky_corners, layout_basic

Skill      XL: |  1  2  3  4  5  6  7  8  9 |
---------------+----------------------------+-----
Axes           | 3 4 5 6 |  6.0
Dodging        | 2 3 4 5 |  5.1
Armour         | 3 4 5 6 |  6.8
Fighting       | 4 5 6 7 |  7.3

Action                   |  1- 3 |  4- 6 |  7- 9 || total
-------------------------+-------+-------+-------++-------
Melee: Hand axe          |   104 |   167 |   413 ||   684
Invok: Berserk           |       |     1 |    12 ||    13
       Trog's Hand       |       |       |     9 ||     9
 Stab: Sleeping          |     1 |     1 |       ||     2
  Eat: Chunk             |     1 |     6 |    10 ||    17
       Ration            |       |       |     4 ||     4
Armor: Animal skin       |    40 |    45 |       ||    85
       Chain mail        |       |    38 |   355 ||   393
Dodge: Dodged            |    97 |   113 |   331 ||   541
